 Dungeon Crawl Stone Soup version 0.30-a0-760-g5a9884bb7c (webtiles) character file.

Game seed: 17831059643822595844

422370 cforsyth the Planerender (level 23, -2/156 HPs)
             Began as a Tengu Summoner on Feb 11, 2023.
             Was a High Priest of Jiyva.
             Killed by a royal mummy's death curse (16 damage)
             ... on level 1 of the Tomb of the Ancients.
             The game lasted 03:26:21 (76921 turns).

cforsyth the Planerender (Tengu Summoner)          Turns: 76921, Time: 03:26:22

Health: -2/156     AC:  9    Str: 14    XL:     23   Next: 73%
Magic:  9/46       EV: 36    Int: 33    God:    Jiyva [*****.]
Gold:   2500       SH: 13    Dex: 24    Spells: 13/58 levels left

rFire   + + .      SeeInvis +    N - +7 sling "Spiderbane" {heavy, rF+ rCorr Str+3 SInv}
rCold   + . .      Faith    .    G - +0 kite shield {reflect}
rNeg    + . .      Spirit   .    D - +1 robe {rC+ rF+}
rPois   +          Reflect  +    U - +1 hat {Will+}
rElec   +          Harm     .    v - +0 cloak of Exclusion {rPois Int+6}
rCorr   +          Rampage  .    X - +1 pair of gloves "Zelezieba" {+Inv rElec}
Will    +++++      Clarity  +    (boots unavailable)
Stlth   +++                      P - amulet of the Four Winds {rN+ Will+++ Clar}
HPRegen 3.50/turn                o - ring of wizardry
MPRegen 0.75/turn                u - +6 ring of intelligence

@: on dragon call cooldown, flying quickly and evasively, slowed, very slow
A: beak, talons 3, nimble flight, iridescent scales 1, agile 2, regeneration 2,
strong 1, jelly sensing items
}: 2/15 runes: decaying, gossamer
a: Renounce Religion, Evoke Invisibility, Oozemancy, Slimify


You were on level 1 of the Tomb of the Ancients.
You worshipped Jiyva.
Jiyva was extremely pleased with you.
You visited 11 branches of the dungeon, and saw 47 of its levels.
You visited 1 bazaar.
You also visited: Ossuary, Bailey, Gauntlet, Ice Cave and Volcano.

You collected 19646 gold pieces.
You spent 3023 gold pieces at shops.
You paid 14123 gold pieces to Gozag.

Inventory:

Hand Weapons
 p - the +7 falchion of the Evil Eye {drain, rF+ Dex+3 Stlth+}
   (You found it on level 3 of the Dungeon)

   Dex:       It affects your dexterity (+3).
   rF:        It protects you from fire.
   Stlth:     It makes you more stealthy.
 M - the +5 dagger "Ukenuu Lelid" {speed, MP+9}
   (You bought it in a shop in a bazaar)

   MP:        It affects your magic capacity (+9).
 N - the +7 sling "Spiderbane" (weapon) {heavy, rF+ rCorr Str+3 SInv}
   (You found it on level 4 of the Swamp)

   Str:       It affects your strength (+3).
   rF:        It protects you from fire.
   SInv:      It lets you see invisible.
   rCorr:     It protects you from acid and corrosion.
 O - the +9 glaive of the Magi {heavy, rF+ rC+}
   (You found it in a Gauntlet)

   rF:        It protects you from fire.
   rC:        It protects you from cold.
Armour
 v - the +0 cloak of Exclusion (worn) {rPois Int+6}
   (You found it in a Gauntlet)

   Int:       It affects your intelligence (+6).
   rPois:     It protects you from poison.
 D - a +1 robe of resistance (worn)
 G - a +0 kite shield of reflection (worn)
 U - a +1 hat of willpower (worn)
 X - the +1 pair of gloves "Zelezieba" (worn) {+Inv rElec}
   (You bought it in a shop on level 1 of the Lair of Beasts)

   rElec:     It insulates you from electricity.
   +Inv:      It lets you turn invisible.
Jewellery
 c - a ring of see invisible
 h - a ring of positive energy
 o - a ring of wizardry (left hand)
 q - a ring of positive energy
 u - a +6 ring of intelligence (right hand)
 x - the ring of Qaelus {MP+9 Int+2}
   (You found it on level 3 of the Elven Halls)

   [ring of magical power]

   Int:       It affects your intelligence (+2).
   MP:        It affects your magic capacity (+9).
 J - a ring of willpower
 P - the amulet of the Four Winds (around neck) {rN+ Will+++ Clar}
   (You found it on level 3 of the Vaults)

   [amulet of nothing]

   rN:        It protects you from negative energy.
   Clar:      It protects you against confusion.
   Will:      It greatly increases your willpower.
 Y - the ring "Pauveer" {rF+ Slay+4}
   (You found it on level 3 of the Elven Halls)

   [ring of slaying]

   Slay:      It affects your accuracy & damage with ranged weapons and melee
   (+4).
   rF:        It protects you from fire.
 Z - the ring of Geofreamace {rElec rC+ Int+5}
   (You took it off a deep elf zephyrmancer on level 3 of the Elven Halls)

   [ring of protection from cold]

   Int:       It affects your intelligence (+5).
   rC:        It protects you from cold.
   rElec:     It insulates you from electricity.
Wands
 f - a wand of polymorph (17)
 m - a wand of charming (33)
 r - a wand of mindburst (7)
 t - a wand of iceblast (13)
 E - a wand of flame (109)
 L - a wand of digging (22)
Scrolls
 e - 12 scrolls of enchant armour
 g - 9 scrolls of immolation
 k - 12 scrolls of vulnerability
 l - 11 scrolls of teleportation
 w - 7 scrolls of fear
 y - a scroll of silence
 F - 2 scrolls of butterflies
 I - a scroll of acquirement
 K - 6 scrolls of fog
 S - 3 scrolls of amnesia
 T - 6 scrolls of brand weapon
 V - 8 scrolls of enchant weapon
 W - 4 scrolls of magic mapping
Potions
 a - 4 potions of resistance
 b - a potion of magic
 d - 8 potions of might
 i - 9 potions of brilliance
 j - 16 potions of curing
 n - 5 potions of attraction
 s - 6 potions of berserk rage
 z - 5 potions of mutation
 A - 6 potions of cancellation
 B - 4 potions of lignification
 C - 9 potions of ambrosia
 H - 5 potions of haste
 Q - 5 potions of heal wounds
 R - 6 potions of invisibility


   Skills:
 - Level 20.0 Fighting
 - Level 21.7 Dodging
 - Level 2.0 Stealth
 - Level 10.0 Shields
 + Level 18.1 Spellcasting
 O Level 27 Summonings


You had 13 spell levels left.
You knew the following spells:

 Your Spells              Type           Power      Damage    Failure   Level
a - Summon Small Mammal   Summ           100%       N/A       0%          1
b - Call Imp              Summ           100%       N/A       0%          2
c - Call Canine Familiar  Summ           100%       N/A       0%          3
d - Summon Guardian Gole  Hex/Summ       87%        N/A       1%          3
e - Summon Lightning Spi  Summ/Air       87%        N/A       1%          4
f - Summon Forest         Summ/Tloc      43%        N/A       1%          5
g - Summon Cactus Giant   Summ           59%        N/A       0%          6
h - Summon Mana Viper     Hex/Summ       87%        N/A       1%          5
i - Dragon's Call         Summ           59%        N/A       1%          9
j - Malign Gateway        Summ/Tloc      43%        N/A       3%          7

Your spell library contained the following spells:

 Spells                   Type           Power      Damage    Failure   Level
 Apportation              Tloc           58%        N/A       1%          1
 Freeze                   Ice            100%       1d10      1%          1
 Magic Dart               Conj           100%       1d8       1%          1
 Shock                    Conj/Air       100%       1d9       1%          1
 Cigotuvi's Dreadful Rot  Necr/Pois/Air  58%        N/A       1%          2
 Ensorcelled Hibernation  Hex/Ice        58%        N/A       1%          2
 Passwall                 Tmut/Erth      24%        N/A       1%          2
 Poisonous Vapours        Pois/Air       58%        N/A       1%          2
 Searing Ray              Conj           58%        2d6       1%          2
 Summon Ice Beast         Ice/Summ       87%        N/A       1%          4
 Dazzling Flash           Conj/Hex       58%        N/A       3%          3
 Frozen Ramparts          Ice            58%        1d9       3%          3
 Gell's Gravitas          Tloc           29%        N/A       3%          3
 Mephitic Cloud           Conj/Pois/Air  29%        N/A       3%          3
 Ozocubu's Armour         Ice            29%        N/A       3%          3
 Portal Projectile        Hex/Tloc       58%        N/A       3%          3
 Swiftness                Air            29%        N/A       3%          3
 Teleport Other           Tloc           29%        N/A       3%          3
 Haunt                    Necr/Summ      43%        N/A       3%          7
 Spellforged Servitor     Conj/Summ      43%        N/A       3%          7
 Airstrike                Air            14%        2d(3-19)  11%         4
 Animate Dead             Necr           29%        N/A       11%         4
 Cause Fear               Hex            14%        N/A       11%         4
 Fulminant Prism          Conj/Hex       14%        3d8       11%         4
 Ice Form                 Ice/Tmut       29%        N/A       11%         4
 Iskenderun's Mystic Bla  Conj/Tloc      29%        2d7       11%         4
 Leda's Liquefaction      Hex/Erth       14%        N/A       11%         4
 Agony                    Necr           29%        N/A       28%         5
 Alistair's Intoxication  Tmut/Pois      19%        N/A       28%         5
 Borgnjor's Vile Clutch   Necr/Erth      14%        N/A       28%         5
 Fireball                 Conj/Fire      14%        3d8       28%         5
 Freezing Cloud           Conj/Ice/Air   14%        6-21      28%         5
 Iskenderun's Battlesphe  Conj           29%        2d8       28%         5
 Lee's Rapid Deconstruct  Erth           14%        3d9*      28%         5
 Silence                  Hex/Air        14%        N/A       28%         5
 Conjure Ball Lightning   Conj/Air       14%        3x3d6     82%         6
 Death Channel            Necr           14%        N/A       82%         6
 Dispersal                Tloc           14%        N/A       82%         6
 Eringya's Noxious Bog    Tmut/Pois      14%        N/A       82%         6
 Iron Shot                Conj/Erth      14%        9d4       82%         6
 Simulacrum               Ice/Necr       14%        N/A       82%         6
 Starburst                Conj/Fire      14%        6d6       82%         6
 Statue Form              Tmut/Erth      19%        N/A       82%         6
 Dragon Form              Tmut           14%        N/A       100%        7
 Enfeeble                 Hex            14%        N/A       100%        7
 Orb of Destruction       Conj           14%        9d7       100%        7
 Ozocubu's Refrigeration  Ice            14%        4d10      100%        7
 Discord                  Hex            14%        N/A       100%        8
 Disjunction              Tloc           14%        N/A       100%        8
 Infestation              Necr           14%        N/A       100%        8
 Polar Vortex             Ice            14%        N/A       100%        9


Dungeon Overview and Level Annotations

Branches:
Dungeon (15/15)            Temple (1/1) D:6            Lair (5/5) D:8
  Swamp (4/4) Lair:3       Spider (4/4) Lair:3        Slime (5/5) Lair:4
    Orc (2/2) D:11            Elf (3/3) Orc:2        Vaults (4/5) D:14
  Crypt (3/3) Vaults:3       Tomb (1/3) Crypt:3      Depths (0/4) D:15
Ossuary (visited)          Bailey (visited)           IceCv (visited)
Volcano (visited)         Gauntlet (visited)

Altars:
Ashenzari
Elyvilon
Gozag
Hepliaklqana
Kikubaaqudgha
Makhleb
Okawaru
Qazlal
Ru
Sif Muna
Trog
Uskayaw
Vehumet
Wu Jian
Xom
Yredelemnul
Zin
The Shining One
Jiyva

Shops:
D:3 :   D:6 (   D:8 [   D:11 (   Orc:2 [(*[   Elf:1 !   Elf:3 *
Lair:1 :[:![?=::[[   Vaults:4 :

Annotations:
Slime:5 Royal Jelly


Innate Abilities, Weirdness & Mutations

You have a beak for a mouth.
You have claws for feet.
Your magical nature lets you fly swiftly and evasively.
You are partially covered in iridescent scales. (AC +2)
You are very agile. (Dex +8, Str/Int -2)
You heal very quickly.
Your muscles are strong. (Str +4, Int/Dex -1)
You have a small jelly attached to you that senses nearby items.


Message History

The death scarab's corpse disappears in a puff of smoke!
The bolt of lightning hits your butterfly!!
Your butterfly dies!
Your butterfly disappears in a burst of colours!
The royal mummy calls on the powers of darkness!
Your storm dragon convulses!
Your body is wracked with pain!
* * * LOW HITPOINT WARNING * * *
Your fire dragon convulses!
Your fire dragon breathes flames at the royal mummy.
The blast of flame misses the death scarab.
The blast of flame hits the royal mummy!!
The blast of flame hits your butterfly!!!
Your butterfly dies!
Your butterfly disappears in a burst of colours!
The blast of flame hits your butterfly!!!
Your butterfly dies!
Your butterfly disappears in a burst of colours!
The royal mummy hits your butterfly!
Your butterfly dies!
Your butterfly disappears in a burst of colours!
You swap places.
A dragon arrives to answer your call!
The roar of the dragon horde subsides.
The death scarab closely misses your butterfly.
Your fire dragon breathes flames at the royal mummy.
The blast of flame hits the royal mummy!!
The death scarab bites your butterfly.
Your butterfly dies!
Your butterfly disappears in a burst of colours!
The royal mummy hits your fire dragon!!
Unknown command.
The royal mummy gestures at your fire dragon while chanting.
Your fire dragon is smitten.
Your fire dragon breathes flames at the royal mummy.
The blast of flame hits the royal mummy!!
The royal mummy is destroyed!
The death scarab disappears in a puff of smoke!
You feel extremely nervous for a moment...
Pain shoots through your body!
You die...

#..........................
#..........................
#..........bbbb............
#........b.b.bbb.M.........
#...........bb.............
#.......b.bbb..bb.........§
#.......b..bbb..D....§....D
#...............D..........
#........b@§.....D.........
#.^.......#################
#.........# #.......J.#
#.........# #.........#
#.........# #.........#
#.........#


You could see a royal mummy, a neutral jelly (wandering) (fellow slime), a
friendly storm dragon (summoned, catching breath), a friendly fire dragon
(summoned, catching breath) and a friendly ice dragon (summoned).

Vanquished Creatures
  A yaktaur captain (Vaults:1)
  A death scarab (Tomb:1)
  An orc high priest (Orc:2)
  A death yak (Lair:5)
  A shadow wraith (Crypt:3)
  A deep troll (Vaults:3)
  A bog body (IceCv)
  A necromancer (Lair:2)
  An ironbound convoker (Vaults:1)
  A deep elf zephyrmancer (Elf:1)
  3 deep elf pyromancers
  An elephant (Lair:5)
  A vault sentinel (Vaults:3)
  A centaur skeleton (Tomb:1)
  A kobold demonologist (D:11)
  A cane toad (Lair:4)
  An ice devil (IceCv)
  A yaktaur (Volcano)
  2 trolls
  3 tarantellas (Spider:2)
  A blink frog (Lair:2)
  3 slime creatures
  A spriggan (Swamp:1)
  An air elemental (Elf:2)
  A wraith (D:11)
  6 yaks
  A jumping spider (Spider:1)
  A golden eye (Slime:2)
  3 vampire mosquitoes
  A swamp worm (Swamp:1)
  A water moccasin (Lair:2)
  An ice beast (D:5)
  2 ogres (Orc:2)
  2 wolves
  3 centaurs
  2 bullfrogs
  An earth elemental (Elf:1)
  2 scorpions
  2 howler monkeys (D:12)
  4 vampire bats (Bailey)
  A wolf zombie (Bailey)
  2 crimson imps (Gauntlet)
  A hound (D:5)
  A gnoll bouda (D:5)
  3 orc priests
  An iguana (D:5)
  2 adders
  2 gnolls
  An orc zombie (Bailey)
  An ufetubus (IceCv)
  10 orcs
  4 bats
  An endoplasm (D:2)
  2 giant cockroaches
  3 hobgoblins
  3 jackals (D:1)
  2 quokkas (D:1)
  A frilled lizard (D:1)
  2 goblins
  A rat (D:1)
  A river rat simulacrum (Lair:2)
109 creatures vanquished.

Vanquished Creatures (collateral kills)
  A dread lich (Crypt:3)
  An ancient lich (Crypt:3)
  A royal mummy (Tomb:1)
  Frederick (Vaults:2)
  A curse toe (Crypt:2)
  The ghost of Pimiptod the Executioner, an adept MiFi of the Shining One (Crypt:2)
  A bone dragon (Crypt:2)
  4 liches
  3 deep elf blademasters (Elf:3)
  2 deep elf master archers (Elf:3)
  9 sphinxes
  20 acid blobs
  Kirke (Swamp:4)
  4 ancient champions
  14 rockslimes
  A tengu reaver (Vaults:1)
  4 revenants
  7 azure jellies
  Donald (Spider:4)
  6 deep elf sorcerers
  An iron dragon (Vaults:2)
  6 ghost moths
  Louise (Swamp:3)
  7 vault wardens
  Aizul (Swamp:2)
  2 frost giants (Vaults:2)
  4 curse skulls
  5 emperor scorpions (Spider:4)
  2 deep elf elementalists (Elf:3)
  4 ghouls
  2 orc warlords
  3 very ugly things (Vaults:4)
  12 quicksilver oozes
  15 ironbound preservers
  5 stone giants
  3 ironbound thunderhulks
  A juggernaut skeleton (Crypt:3)
  4 deep elf demonologists
  2 bennus (Tomb:1)
  3 eleionomae
  5 vampire knights
  A rockslime zombie (Crypt:2)
  A bunyip (Swamp:2)
  5 deep elf annihilators (Elf:3)
  10 dire elephants
  4 spark wasps
  4 eidola
  2 mummy priests
  A crystal guardian (Vaults:1)
  4 fire dragons
  2 ettins
  8 yaktaur captains
  4 deep elf death magi
  A jiangshi (Crypt:2)
  7 entropy weavers
  3 shambling mangroves
  12 great orbs of eyes
  Josephine (Spider:1)
  A fenstrider witch zombie (Crypt:3)
  A rakshasa (D:14)
  16 vault guards
  3 catoblepae (Lair:5)
  2 jorogumos
  2 deep elf high priests (Elf:3)
  A ghost crab (Swamp:3)
  17 hydras
  A spriggan skeleton (Crypt:2)
  A peacekeeper (Vaults:1)
  An Orb Guardian zombie (Crypt:3)
  5 two-headed ogres
  A fenstrider witch skeleton (Crypt:3)
  Erica (D:9)
  14 alligators
  6 ironbound frosthearts
  3 death knights
  25 dancing weapons
  A radroach (Spider:1)
  3 boulder beetles
  14 death yaks
  19 centaur warriors
  4 death scarabs (Tomb:1)
  8 vampire magi
  2 tengu warriors
  11 deep elf knights
  A deep troll earth mage (Vaults:4)
  4 orc high priests
  2 spectral orcs (Orc:2)
  2 soul eaters (Crypt:1)
  A hell knight (Volcano)
  11 spriggans
  4 pharaoh ants
  Nergalle (Orc:1)
  2 iron trolls (Vaults:4)
  A shadow wraith (Crypt:2)
  2 fire crabs (Swamp:4)
  10 skeletal warriors
  6 goliath frogs
  39 deep trolls
  13 orb spiders
  3 spriggan druids
  8 swamp dragons
  4 skysharks
  A glowing orange brain (Slime:5)
  3 deep elf archers
  4 bog bodies
  2 phantasmal warriors
  2 flayed ghosts
  9 ironbound convokers
  4 lindwurms
  22 deep elf pyromancers
  26 deep elf zephyrmancers
  2 steelbarb worms (Spider:2)
  6 necromancers
  15 orc knights
  6 wizards
  An anaconda skeleton (Crypt:2)
  27 ugly things
  3 manticores
  6 shining eyes
  A shadow dragon skeleton (Crypt:3)
  16 wolf spiders
  3 cyclopes
  4 will-o-the-wisps
  A cyclops (shapeshifter) (Vaults:2)
  4 moths of wrath
  A manticore (shapeshifter) (Vaults:2)
  5 orc sorcerers
  2 elephants (Lair:5)
  15 vault sentinels
  A titan simulacrum (Crypt:2)
  A guardian serpent (shapeshifter) (D:13)
  Joseph (D:7)
  An eleionoma skeleton (Crypt:1)
  An ice statue (IceCv)
  A dire elephant zombie (Crypt:2)
  3 demonic crawlers
  3 torpor snails
  3 black mambas
  An eye of devastation (Slime:3)
  A black mamba (shapeshifter) (D:13)
  A death yak zombie (Crypt:2)
  Maggie (D:7)
  A smoke demon (Gauntlet)
  5 cane toads
  5 rime drakes
  An unseen horror (D:11)
  4 komodo dragons
  32 yaktaurs
  A centaur skeleton (Tomb:1)
  A kobold demonologist (D:9)
  2 efreet
  5 freezing wraiths
  A minotaur skeleton (Crypt:3)
  A redback zombie (Crypt:1)
  A yaktaur (shapeshifter) (Spider:3)
  A tengu conjurer (D:15)
  A purple draconian skeleton (Crypt:1)
  11 guardian mummies
  6 trolls
  A troll (shapeshifter) (Vaults:2)
  A sea snake skeleton (Crypt:3)
  A harpy zombie (Crypt:2)
  A bloated husk (Swamp:4)
  2 meliai (D:15)
  17 hornets
  16 tarantellas
  A nameless horror (Elf:2)
  A meliai zombie (Crypt:2)
  11 blink frogs
  A wolf spider simulacrum (D:15)
  A harpy skeleton (Crypt:3)
  An ettin zombie (Crypt:3)
  A guardian serpent zombie (Crypt:2)
  8 tyrant leeches
  10 dream sheep (Lair:5)
  A black mamba zombie (Tomb:1)
  9 flying skulls
  17 jumping spiders
  103 slime creatures
  18 culicivoras
  3 air elementals
  A shadow (D:10)
  A satyr skeleton (Crypt:3)
  74 yaks
  3 water elementals
  10 wraiths
  3 vampires
  A wyvern (Lair:3)
  A fire elemental (Elf:1)
  5 golden eyes
  A golden eye (shapeshifter) (D:14)
  3 steam dragons
  2 hogs (Swamp:4)
  46 redbacks
  A death yak simulacrum (IceCv)
  9 vampire mosquitoes
  4 wargs (Orc:1)
  14 swamp worms
  A faun zombie (Crypt:1)
  A hydra simulacrum (IceCv)
  A naga skeleton (Crypt:3)
  13 water moccasins
  Duvessa (D:4)
  10 swamp drakes
  41 orc warriors
  An ice beast (D:4)
  2 ogres
  A snapping turtle skeleton (Crypt:1)
  5 boggarts (D:14)
  A black mamba simulacrum (Crypt:3)
  7 centaurs
  An elephant skeleton (Crypt:2)
  A phantom (D:5)
  7 wolves
  A rime drake zombie (Crypt:1)
  2 kobold brigands
  5 bullfrogs
  2 scorpions
  A komodo dragon skeleton (Crypt:1)
  A spectral warg (Orc:2)
  3 cane toad simulacra (IceCv)
  2 earth elementals
  2 necrophages
  2 wights (D:7)
  7 two-headed ogre simulacra (IceCv)
  5 jellies
  Dowan (D:4)
  A cyclops skeleton (Crypt:3)
  A queen bee zombie (Crypt:3)
  5 killer bees (D:8)
  4 vampire bats (Bailey)
  4 howler monkeys
  2 elephant simulacra (IceCv)
  6 wolf zombies (Bailey)
  2 electric eels (Spider:4)
  2 lava snakes (Swamp:4)
  A crimson imp (Gauntlet)
  3 hounds
  13 orc priests
  A basilisk skeleton (Crypt:2)
  Terence (D:3)
  An iguana (D:6)
  17 orc wizards
  4 troll simulacra (IceCv)
  4 polar bear simulacra
  A yak simulacrum (Lair:2)
  3 spriggan simulacra (IceCv)
  2 wolf simulacra
  An ice beast zombie (Crypt:2)
  12 mummies
  7 gnolls
  5 adders
  5 naga simulacra
  2 ogre simulacra (Orc:2)
  4 white imps (IceCv)
  4 ufetubi
  An adder zombie (Crypt:2)
  A worm (D:2)
  2 dart slugs
  47 orcs
  3 orc simulacra (Orc:2)
  5 ball pythons
  3 bats
  12 endoplasms
  A giant cockroach (D:2)
  6 goblins
  5 hobgoblins
  2 jackals (D:1)
  23 kobolds
  10 quokkas
  A ball python skeleton (Crypt:2)
  4 frilled lizards (D:1)
  2 gnoll zombies (Ossuary)
  2 hobgoblin zombies (Ossuary)
  A kobold zombie (Ossuary)
  18 orc zombies
  A quokka zombie (Crypt:2)
  2 rats (D:1)
  5 river rat simulacra (Lair:2)
  A river rat zombie (Crypt:1)
  3 bushes (Lair:5)
  A fungus (Elf:3)
1619 creatures vanquished.

Vanquished Creatures (others)
  An acid blob (Slime:5)
  4 eldritch tentacles
  The ghost of patfeehan111222 the Carver, a journeyman MiBe of Trog (Orc:2)
  A minotaur (Gauntlet)
  An eidolon (Vaults:3)
  An entropy weaver (Spider:3)
  Erolcha (D:9)
  An alligator (Swamp:1)
  2 two-headed ogres
  2 death yaks
  A skyshark (Lair:2)
  A bog body (IceCv)
  A deep elf archer (Elf:3)
  Pikel (D:6)
  2 deep elf pyromancers
  2 ugly things (D:15)
  2 elephants (Lair:5)
  3 cyclopes
  A demonic crawler (Spider:3)
  3 gargoyles
  A yaktaur (Volcano)
  A freezing wraith (IceCv)
  A meliai (D:15)
  2 bloated husks
  3 trolls
  2 slime creatures
  A basilisk (D:14)
  A culicivora (Spider:4)
  A yak (D:9)
  A steam dragon (D:9)
  2 humans (Swamp:4)
  A vampire mosquito (D:9)
  5 swamp drakes (Swamp:4)
  5 orc warriors
  A cane toad simulacrum (IceCv)
  2 wights (D:7)
  An elephant simulacrum (IceCv)
  31 jellies
  An iguana (D:7)
  An orc wizard (D:8)
  3 troll simulacra (IceCv)
  2 mummies (Ossuary)
  2 naga simulacra (IceCv)
  2 orcs
  A kobold zombie (Ossuary)
  An orc zombie (Bailey)
  10 foxfires (Swamp:3)
  58 fungi
  157 plants
  21 snaplasher vines
  A withered plant (D:14)
354 creatures vanquished.

Grand Total: 2082 creatures vanquished

Notes
Turn   | Place    | Note
-------+----------+-------------------------------------------
     0 | D:1      | cforsyth the Tengu Summoner began the quest for the Orb.
     0 | D:1      | Reached XP level 1. HP: 10/10 MP: 4/4
   100 | D:1      | Reached skill level 5 in Summonings
   135 | D:1      | Reached XP level 2. HP: 15/15 MP: 3/6
   397 | D:1      | Reached XP level 3. HP: 17/19 MP: 5/7
  1120 | D:2      | Learned a level 2 spell: Call Imp
  1134 | D:2      | Learned a level 3 spell: Call Canine Familiar
  1277 | D:2      | Reached XP level 4. HP: 24/24 MP: 6/9
  1442 | D:2      | Found an iron altar of Okawaru.
  1743 | D:2      | Reached skill level 6 in Summonings
  2403 | D:3      | Noticed Terence
  2416 | D:3      | Killed Terence
  2417 | D:3      | Gained mutation: Your magical nature lets you fly swiftly
                  | and evasively. [Tengu growth]
  2417 | D:3      | Reached XP level 5. HP: 24/28 MP: 4/11
  2879 | D:3      | Identified the +7 falchion of the Evil Eye {drain, rF+
                  | Dex+3 Stlth+}
  3022 | D:3      | Found a broken altar of Ashenzari.
  3226 | D:3      | Found Ziahoklu's Book Boutique.
  3305 | D:3      | Found a faded altar of an unknown god.
  3496 | D:4      | Reached skill level 7 in Summonings
  3496 | D:4      | Reached XP level 6. HP: 29/32 MP: 8/13
  3835 | D:4      | Noticed an ice beast
  3875 | D:4      | Killed an ice beast
  4059 | D:4      | Reached XP level 7. HP: 36/36 MP: 11/15
  4174 | D:4      | Noticed Duvessa
  4187 | D:4      | Noticed Dowan
  4224 | D:4      | Killed Duvessa
  4225 | D:4      | Reached skill level 5 in Spellcasting
  4225 | D:4      | Reached skill level 8 in Summonings
  4367 | D:4      | Killed Dowan
  4472 | D:4      | Learned a level 3 spell: Summon Guardian Golem
  4477 | D:4      | Learned a level 4 spell: Summon Lightning Spire
  4644 | D:4      | Found a stormy altar of Qazlal.
  4652 | D:4      | Found an ancient bone altar of Kikubaaqudgha.
  4652 | D:4      | Found a hazy altar of Hepliaklqana.
  4652 | D:4      | Found a burning altar of Makhleb.
  4654 | D:4      | Found a glowing golden altar of the Shining One.
  4655 | D:4      | Found a radiant altar of Vehumet.
  4811 | D:5      | Entered Level 5 of the Dungeon
  5441 | D:5      | Reached XP level 8. HP: 41/41 MP: 17/17
  5611 | D:5      | Found a shimmering altar of Xom.
  5612 | D:5      | Noticed an angel
  5615 | D:5      | Found a glowing silver altar of Zin.
  5642 | D:5      | Reached skill level 9 in Summonings
  6260 | D:6      | Identified a scroll of acquirement
  6260 | D:6      | Acquired a book of the Dragon
  6376 | D:6      | Found a sand-covered staircase.
  6385 | Ossuary  | Entered an ossuary
  6893 | D:6      | Found Ujyafedd's Weapon Boutique.
  6930 | D:6      | Found a staircase to the Ecumenical Temple.
  6936 | Temple   | Entered the Ecumenical Temple
  6949 | Temple   | Became a worshipper of Gozag Ym Sagoz the Greedy
  7278 | D:6      | Reached skill level 10 in Summonings
  7366 | D:6      | Noticed Pikel
  7385 | D:6      | Killed Pikel
  7386 | D:6      | Reached XP level 9. HP: 45/45 MP: 10/21
  7979 | D:7      | Reached skill level 11 in Summonings
  8027 | D:7      | Noticed Maggie
  8498 | D:7      | Killed Maggie
  8499 | D:7      | Reached skill level 12 in Summonings
  8679 | D:7      | Noticed Joseph
  8690 | D:7      | Killed Joseph
  8691 | D:7      | Reached XP level 10. HP: 39/50 MP: 18/24
  8893 | D:7      | Reached skill level 1 in Fighting
  9076 | D:8      | Found Muappadu's Antique Armour Boutique.
  9140 | D:8      | Noticed a two-headed ogre
  9152 | D:8      | Killed a two-headed ogre
  9356 | D:8      | Found a staircase to the Lair.
  9446 | D:8      | Noticed a tengu warrior
  9477 | D:8      | Killed a tengu warrior
  9478 | D:8      | Reached skill level 5 in Dodging
  9663 | D:8      | Noticed a two-headed ogre
  9678 | D:8      | Killed a two-headed ogre
  9679 | D:8      | Reached skill level 5 in Fighting
  9927 | D:8      | Found the +18 Lear's hauberk
 10075 | D:9      | Noticed Erica
 10082 | D:9      | Killed Erica
 10106 | D:9      | Reached XP level 11. HP: 64/64 MP: 14/25
 10204 | D:9      | Identified the +5 quarterstaff "Ranos" {drain, *Corrode
                  | rPois Int+2 Dex+5}
 10219 | D:9      | Found a flagged portal.
 10227 | Bailey   | Entered a bailey
 11432 | D:9      | Noticed Erolcha
 11445 | D:9      | Killed Erolcha
 11884 | D:9      | Found a basalt altar of Yredelemnul.
 11892 | D:10     | Entered Level 10 of the Dungeon
 12023 | D:10     | Reached skill level 10 in Dodging
 12418 | D:10     | Found a shimmering blue altar of Sif Muna.
 12559 | D:10     | Reached XP level 12. HP: 76/76 MP: 11/26
 13164 | D:11     | Found a staircase to the Orcish Mines.
 13166 | D:11     | Found Udauxe's Weapon Emporium.
 13294 | D:11     | Reached skill level 10 in Fighting
 13351 | D:11     | Found a gate leading to a gauntlet.
 13360 | Gauntlet | Entered a Gauntlet
 13360 | Gauntlet | Found a transporter.
 13417 | Gauntlet | Found a transporter.
 13432 | Gauntlet | Found a transporter.
 13436 | Gauntlet | Noticed a cacodemon
 13437 | Gauntlet | Found a transporter.
 13452 | Gauntlet | Found a transporter.
 13471 | Gauntlet | Found a transporter.
 13483 | Gauntlet | Found a transporter.
 13491 | Gauntlet | Found a large runed translucent door.
 13492 | Gauntlet | Found a large runed translucent door.
 13493 | Gauntlet | Found a large runed translucent door.
 13493 | Gauntlet | Found a large runed translucent door.
 13494 | Gauntlet | Found a runed translucent gate.
 13494 | Gauntlet | Noticed a great orb of eyes
 13495 | Gauntlet | Found a transporter.
 13495 | Gauntlet | Found a runed translucent gate.
 13496 | Gauntlet | Found a runed translucent gate.
 13497 | Gauntlet | Found a large runed translucent door.
 13497 | Gauntlet | Found a large runed translucent door.
 13498 | Gauntlet | Found a large runed translucent door.
 13499 | Gauntlet | Found a large runed translucent door.
 13503 | Gauntlet | Noticed a green death
 13507 | Gauntlet | Found a transporter.
 13515 | Gauntlet | Noticed a ghost crab
 13519 | Gauntlet | Found a transporter.
 13536 | Gauntlet | Found a transporter.
 13553 | Gauntlet | Found a transporter.
 13555 | Gauntlet | Found a transporter.
 13583 | Gauntlet | Found a transporter.
 13585 | Gauntlet | Found a transporter.
 13587 | Gauntlet | Found a transporter.
 13589 | Gauntlet | Found a large runed translucent door.
 13589 | Gauntlet | Found a large runed translucent door.
 13590 | Gauntlet | Found a large runed translucent door.
 13590 | Gauntlet | Found a large runed translucent door.
 13618 | Gauntlet | Found a transporter.
 13620 | Gauntlet | Found a transporter.
 13682 | Gauntlet | Found a large runed translucent door.
 13682 | Gauntlet | Found a large runed translucent door.
 13682 | Gauntlet | Found a runed translucent door.
 13682 | Gauntlet | Found a runed translucent door.
 13686 | Gauntlet | Found a large runed translucent door.
 13687 | Gauntlet | Found a large runed translucent door.
 13913 | Gauntlet | Identified the +0 cloak of Exclusion {rPois Int+6}
 13948 | Gauntlet | Noticed a minotaur
 13996 | Gauntlet | Killed a minotaur
 14110 | Gauntlet | Identified the +9 glaive of the Magi {heavy, rF+ rC+}
 14133 | D:11     | Identified the +7 plate armour of the Boiling Point {SInv}
 15086 | D:12     | Noticed a two-headed ogre
 15092 | D:12     | Killed a two-headed ogre
 15093 | D:12     | Reached skill level 13 in Summonings
 15507 | D:12     | Noticed a two-headed ogre
 15518 | D:12     | Reached skill level 10 in Spellcasting
 15529 | D:12     | Killed a two-headed ogre
 16224 | Lair:1   | Entered Level 1 of the Lair of Beasts
 16302 | D:8      | Reached XP level 13. HP: 60/83 MP: 18/28
 16311 | D:8      | Reached skill level 14 in Summonings
 16515 | Lair:1   | Found a frozen archway.
 16547 | IceCv    | Entered an ice cave
 18633 | Lair:1   | Bought a book of the Wilderness for 646 gold pieces
 18639 | Lair:1   | Learned a level 5 spell: Summon Forest
 18646 | Lair:1   | Learned a level 6 spell: Summon Cactus Giant
 18652 | Lair:1   | Learned a level 5 spell: Summon Mana Viper
 18713 | Lair:2   | Reached skill level 15 in Summonings
 19222 | Lair:2   | Identified the +1 long sword "Gizib" {venom, rN+ Stlth+}
 20431 | Lair:3   | Found a staircase to the Swamp.
 20665 | Lair:3   | Found an ornate altar of the Wu Jian Council.
 20671 | Lair:3   | Found a hide-covered altar of Uskayaw.
 20932 | Lair:3   | Found a hole to the Spider Nest.
 21173 | Lair:3   | Reached skill level 16 in Summonings
 22142 | Lair:4   | Reached XP level 14. HP: 88/88 MP: 14/31
 22642 | Lair:4   | Reached skill level 17 in Summonings
 22973 | Lair:4   | Found a viscous altar of Jiyva.
 22973 | Lair:4   | Found a staircase to the Slime Pits.
 23767 | Lair:5   | Entered Level 5 of the Lair of Beasts
 24473 | Lair:5   | Reached skill level 18 in Summonings
 25176 | Lair:5   | Reached XP level 15. HP: 93/93 MP: 20/34
 25733 | Lair:5   | Reached skill level 19 in Summonings
 26683 | Orc:1    | Entered Level 1 of the Orcish Mines
 27003 | Orc:1    | Noticed Nergalle
 27035 | Orc:1    | Killed Nergalle
 27425 | Orc:2    | Entered Level 2 of the Orcish Mines
 27436 | Orc:2    | Found a dark tunnel.
 27469 | Volcano  | Entered a volcano
 27607 | Volcano  | Identified the +2 helmet of Slovenliness {Fly rCorr}
 27919 | Orc:2    | Found a staircase to the Elven Halls.
 28144 | Orc:2    | Reached skill level 15 in Spellcasting
 28346 | Orc:2    | Found a runed translucent gate.
 28346 | Orc:2    | Found a runed translucent gate.
 28346 | Orc:2    | Found a runed translucent gate.
 28351 | Orc:2    | Noticed patfeehan111222's ghost (journeyman MiBe)
 28384 | Orc:2    | Found Yskaadwo's Armour Shoppe.
 28862 | Orc:2    | Found Kyripre's Antique Armour Shoppe.
 28863 | Orc:2    | Found Buerom's General Store.
 28863 | Orc:2    | Found Birchipi's Weapon Shop.
 29191 | Orc:2    | Killed patfeehan111222's ghost
 29490 | Lair:1   | Bought a pair of dazzling gloves for 285 gold pieces
 29490 | Lair:1   | Identified the +1 pair of gloves "Zelezieba" {+Inv rElec}
                  | (You bought it in a shop on level 1 of the Lair of Beasts)
 30236 | D:13     | Reached skill level 20 in Summonings
 31564 | D:14     | Found a basalt altar of Yredelemnul.
 31581 | D:14     | Reached XP level 16. HP: 98/98 MP: 27/36
 32043 | D:14     | Found a gate to the Vaults.
 32232 | D:15     | Entered Level 15 of the Dungeon
 32321 | D:15     | Reached skill level 21 in Summonings
 33332 | D:15     | Found a staircase to the Depths.
 33572 | D:15     | Found a sacrificial altar of Ru.
 34091 | Spider:1 | Entered Level 1 of the Spider Nest
 34396 | Spider:1 | Reached skill level 22 in Summonings
 34465 | Spider:1 | Learned a level 9 spell: Dragon's Call
 35181 | Spider:1 | Noticed Josephine
 35208 | Spider:1 | Killed Josephine
 36138 | Spider:2 | Reached skill level 23 in Summonings
 37139 | Spider:2 | Reached XP level 17. HP: 103/103 MP: 33/38
 37387 | Spider:2 | HP: 1/103 [something (13)]
 38307 | Swamp:1  | Entered Level 1 of the Swamp
 38513 | Swamp:1  | Reached skill level 24 in Summonings
 39856 | Swamp:2  | Noticed Aizul
 39863 | Swamp:2  | Killed Aizul
 40666 | Swamp:3  | Noticed Louise
 40675 | Swamp:3  | Killed Louise
 40915 | Swamp:3  | Reached skill level 25 in Summonings
 41923 | Swamp:4  | Entered Level 4 of the Swamp
 42231 | Swamp:4  | Reached skill level 26 in Summonings
 42495 | Swamp:4  | Reached XP level 18. HP: 102/108 MP: 20/39
 42535 | Swamp:4  | Reached skill level 1 in Shields
 42541 | Swamp:4  | Noticed Kirke
 42576 | Swamp:4  | Killed Kirke
 43203 | Swamp:4  | Identified the +7 sling "Spiderbane" {heavy, rF+ rCorr
                  | Str+3 SInv}
 43246 | Swamp:4  | Got a decaying rune of Zot
 44888 | Spider:4 | Entered Level 4 of the Spider Nest
 45125 | Spider:4 | Got the Thoughts on Graupel
 45776 | Spider:4 | Noticed Donald
 46034 | Spider:4 | Killed Donald
 46636 | Spider:4 | Reached skill level 5 in Shields
 47118 | Spider:4 | Identified the +11 mace "Hiuw" {flame, rPois rN+ Str+3
                  | Dex+2}
 47593 | Spider:4 | Identified the -1 hat of the Toothy God {Int+5}
 47594 | Spider:4 | Identified the +0 barding of the Good {Will++ Dex+4}
 47627 | Spider:4 | Got a gossamer rune of Zot
 48099 | Vaults:1 | Entered Level 1 of the Vaults
 49326 | Vaults:1 | Reached XP level 19. HP: 117/117 MP: 14/40
 51332 | Vaults:2 | Reached skill level 15 in Dodging
 52195 | Vaults:2 | Reached XP level 20. HP: 107/127 MP: 21/41
 52389 | Vaults:2 | Got Wyezy's Opusculum on Viperous Teratogeny
 52532 | Vaults:2 | Reached skill level 10 in Shields
 53120 | Vaults:2 | Noticed Frederick
 53126 | Vaults:2 | Killed Frederick
 54402 | Vaults:3 | Reached skill level 15 in Fighting
 54663 | Vaults:3 | Found the amulet of the Four Winds {rN+ Will+++ Clar}
 54848 | Vaults:3 | Found a staircase to the Crypt.
 57640 | Vaults:4 | Reached XP level 21. HP: 136/136 MP: 25/42
 58231 | Vaults:4 | Found Wyewkusi's Book Shoppe.
 58824 | Elf:1    | Entered Level 1 of the Elven Halls
 59114 | Elf:1    | Found Meisoc's Distillery.
 60376 | Elf:2    | Found a flickering gateway to a bazaar.
 60392 | Bazaar   | Entered a bazaar
 60433 | Bazaar   | Found Fuzuxkis's Distillery.
 60438 | Bazaar   | Bought a potion of mutation for 96 gold pieces
 60438 | Bazaar   | Bought a potion of heal wounds for 60 gold pieces
 60444 | Bazaar   | Found Vayleig's Antique Weapon Emporium.
 60455 | Bazaar   | Found Jisev's General Store.
 60487 | Bazaar   | Found Efra's Distillery.
 60492 | Bazaar   | Bought a potion of brilliance for 36 gold pieces
 60492 | Bazaar   | Bought a potion of heal wounds for 45 gold pieces
 60492 | Bazaar   | Bought a potion of haste for 90 gold pieces
 60509 | Bazaar   | Found Wiezaw's Antique Weapon Emporium.
 60514 | Bazaar   | Bought a pitted halberd for 126 gold pieces
 60514 | Bazaar   | Identified the +6 halberd of the Fulmar {flame, rPois rF+
                  | Dex+3} (You bought it in a shop in a bazaar)
 60514 | Bazaar   | Bought a dazzling dagger for 98 gold pieces
 60514 | Bazaar   | Identified the +5 dagger "Ukenuu Lelid" {speed, MP+9} (You
                  | bought it in a shop in a bazaar)
 60945 | Elf:2    | Found a runed translucent gate.
 60945 | Elf:2    | Found a runed translucent gate.
 60947 | Elf:2    | Found a runed translucent gate.
 62187 | Elf:3    | Entered Level 3 of the Elven Halls
 62982 | Elf:3    | Found Gafo's Overcharged Wands.
 63045 | Elf:3    | Paralysed by an air elemental for 1 turns
 63410 | Elf:3    | Identified the ring of Geofreamace {rElec rC+ Int+5}
 63420 | Elf:3    | Identified the amulet of Oloew {-Tele rF++ rC+++ Regen+
                  | Stlth+}
 63575 | Elf:3    | Identified the +0 robe "Daisk" {-Cast rF++ Str+2}
 63581 | Elf:3    | Identified the amulet "Ajeajaa" {Faith Regen+ Str+3}
 63622 | Elf:3    | Identified the ring "Pauveer" {rF+ Slay+4}
 63661 | Elf:3    | Identified the ring of Qaelus {MP+9 Int+2}
 63778 | Elf:3    | Identified the +1 scale mail of Meseif {Int+3}
 64153 | Slime:1  | Entered Level 1 of the Pits of Slime
 64219 | Slime:1  | Reached XP level 22. HP: 147/147 MP: 23/43
 64692 | Slime:1  | Found a viscous altar of Jiyva.
 69734 | Slime:5  | Entered Level 5 of the Pits of Slime
 69769 | Slime:5  | Noticed the Royal Jelly
 70041 | Slime:5  | Gained mutation: Potions are less effective at restoring
                  | your health. [a shining eye]
 70514 | Slime:5  | Gained mutation: Your body sometimes deteriorates upon
                  | taking damage. [a shining eye]
 70535 | Slime:5  | Found a viscous altar of Jiyva.
 71172 | Lair:1   | Bought a potion of brilliance for 56 gold pieces
 71172 | Lair:1   | Bought a potion of heal wounds for 70 gold pieces
 71172 | Lair:1   | Bought a potion of heal wounds for 70 gold pieces
 71172 | Lair:1   | Bought a potion of heal wounds for 70 gold pieces
 71185 | Lair:1   | Bought The Highest Levels of Theurgy for 768 gold pieces
 71189 | Lair:1   | Bought a pair of bloodstained gloves for 285 gold pieces
 71189 | Lair:1   | Identified the +0 pair of gloves of Xevunel {Int+3} (You
                  | bought it in a shop on level 1 of the Lair of Beasts)
 71194 | Lair:1   | Bought an ichor-stained robe for 222 gold pieces
 71194 | Lair:1   | Identified the +0 robe "Gageekek" {Int+2} (You bought it in
                  | a shop on level 1 of the Lair of Beasts)
 71205 | Lair:1   | Learned a level 7 spell: Malign Gateway
 71305 | Lair:4   | Fell from the grace of Gozag
 71305 | Lair:4   | Became a worshipper of Jiyva Joyfodgh the Shapeless
 71605 | Crypt:1  | Entered Level 1 of the Crypt
 72282 | Crypt:1  | Identified the +8 short sword of Tenacity {holy, +Blink rC+
                  | Will+}
 72949 | Crypt:1  | Reached * piety under Jiyva
 73273 | Crypt:1  | Reached ** piety under Jiyva
 73352 | Crypt:2  | Found a runed translucent door.
 73370 | Crypt:2  | Reached XP level 23. HP: 156/156 MP: 27/44
 73450 | Crypt:2  | Found a shimmering altar of Xom.
 73450 | Crypt:2  | Noticed Pimiptod's ghost (adept MiFi)
 73678 | Crypt:2  | Killed Pimiptod's ghost
 74169 | Crypt:2  | Reached *** piety under Jiyva
 74269 | Crypt:2  | Lost mutation: Your body sometimes deteriorates upon taking
                  | damage. [Jiyva's grace]
 74269 | Crypt:2  | Gained mutation: Your natural rate of healing is unusually
                  | fast. [Jiyva's grace]
 74269 | Crypt:2  | Gained mutation: You heal very quickly. [Jiyva's grace]
 74269 | Crypt:2  | Gained mutation: You regenerate. [Jiyva's grace]
 74269 | Crypt:2  | Gained mutation: Your muscles are strong. (Str +4, Int/Dex
                  | -1) [Jiyva's grace]
 74668 | Crypt:3  | Entered Level 3 of the Crypt
 74745 | Crypt:3  | Reached **** piety under Jiyva
 74775 | Crypt:3  | Found the +3 pair of seven-league boots {Rampage+∞}
 74795 | Crypt:3  | Noticed a curse toe
 75471 | Crypt:2  | Killed a curse toe
 75620 | Crypt:3  | Reached skill level 27 in Summonings
 75818 | Crypt:3  | Found a staircase to the Tomb.
 76056 | Crypt:3  | Found a basalt altar of Yredelemnul.
 76091 | Crypt:3  | Noticed an ancient lich
 76091 | Crypt:3  | Noticed a dread lich
 76118 | Crypt:3  | Killed a dread lich
 76119 | Crypt:3  | Killed an ancient lich
 76151 | Crypt:3  | Identified the amulet "Hely" {RegenMP *Corrode rN++ Dex+3}
 76312 | Tomb:1   | Entered Level 1 of the Tomb of the Ancients
 76661 | Tomb:1   | Reached ***** piety under Jiyva
 76662 | Tomb:1   | Lost mutation: You regenerate. [Jiyva's grace]
 76662 | Tomb:1   | Lost mutation: Potions are less effective at restoring your
                  | health. [Jiyva's grace]
 76662 | Tomb:1   | Gained mutation: You have a small jelly attached to you
                  | that senses nearby items. [Jiyva's grace]
 76662 | Tomb:1   | Gained mutation: You are agile. (Dex +4, Str/Int -1)
                  | [Jiyva's grace]
 76662 | Tomb:1   | Gained mutation: You are very agile. (Dex +8, Str/Int -2)
                  | [Jiyva's grace]
 76662 | Tomb:1   | Gained mutation: You are partially covered in iridescent
                  | scales. (AC +2) [Jiyva's grace]
 76891 | Tomb:1   | Noticed a royal mummy
 76911 | Tomb:1   | HP: 1/156 [death scarab[a royal mummy] (27)]
 76916 | Tomb:1   | Noticed a royal mummy
 76916 | Tomb:1   | HP: 5/156 [death scarab[a royal mummy] (27)]
 76918 | Tomb:1   | HP: 2/156 [royal mummy/divine providence (13)]
 76921 | Tomb:1   | Killed a royal mummy
 76921 | Tomb:1   | Killed by a royal mummy's death curse

Illustrated notes

Levels and vault maps discovered:
D:1:      heliophobic_arrival_enchanted_forest, layout_loops_ring,
          minmay_tromino_mix6
D:2:      wad_woods_stonehenge, layout_basic, minmay_misc_feat_x
D:3:      layout_basic, nicolae_ashenzari_skybound, basic_ecumenical_altar,
          serial_shops, shop, uniq_terence
D:4:      layout_basic, minitemple, uniq_duvessa
D:5:      layout_loops_corners, grunt_temple_overflow_order_and_chaos_1
D:6:      layout_basic, minmay_temple_entry_gardened_gates,
          nicolae_ossuary_entry_monument, serial_shops,
          nicolae_inconvenience_store, uniq_pikel
D:7:      layout_rooms, uniq_maggie, uniq_joseph
D:8:      layout_cave_pools, lair_entry_dummy, nicolae_stop_n_shop_1,
          nicolae_sextant, hellmonk_guarded_unrand_lears
D:9:      layout_basic, overflow_temple_1_default, enter_bailey_3,
          chequers_serial_rivers_marsh, uniq_erolcha, uniq_erica
D:10:     layout_roguey, mainiacjoe_overflow_concentric_impassable,
          reono_crystal_passage
D:11:     layout_basic, orc_david_3, gauntlet_entry_generic
D:12:     layout_rooms
D:13:     layout_basic
D:14:     layout_loops_ring, erik_vaults_2, yredelemnul_altar_generic
D:15:     hangedman_depths_entry_civil_slaughter, layout_stronghold,
          nicolae_ru_the_path_less_chosen
Temple:   nicolae_temple_bog_church
Lair:1:   layout_long_grid, portal_ice_cave_rime, lemuel_fruit_fields
Lair:2:   layout_cellular_growth, eino_house_with_fridge
Lair:3:   layout_long_grid, minmay_swamp_entry_swarm,
          nicolae_spider_entry_orb_guardian, nzn_masters_of_martial_movement,
          infiniplex_staircase_pool_2, lemuel_fruit_tree
Lair:4:   layout_hall_layers, nicolae_slime_entry_slimehenge,
          beast_lair_carwin_10
Lair:5:   evilmike_catoblepas_cave, layout_cave_pods, wad_woods_river_04
Swamp:1:  layout_basic_swamp, evilmike_swamp_ruin_house_1, swamp_pool5,
          nicolae_swamp_round_clearing
Swamp:2:  layout_basic_swamp, nicolae_swamp_bean_lake,
          infiniplex_staircase_pool, uniq_aizul
Swamp:3:  layout_basic_swamp, nicolae_swamp_some_circles, swamp_pool4,
          uniq_louise
Swamp:4:  swamp_fiery, layout_basic_swamp, uniq_kirke
Spider:1: cheibrodos_forgotten_conduit, uniq_josephine
Spider:2: layout_spider_delve, hangedman_spider_mandibles
Spider:3: layout_spider_delve, hellmonk_deceptive_appearances
Spider:4: spider_rune_water, uniq_donald
Slime:1:  layout_caves, basic_altar, cheibrodos_slime_lost_civilization_6
Slime:2:  layout_caves
Slime:3:  layout_caves, cheibrodos_slime_lost_civilization_5
Slime:4:  layout_caves, nicolae_slime_ancient_tower_intersection
Slime:5
Orc:1:    layout_caves, uniq_nergalle
Orc:2:    st_orc_elflike, layout_caves, nicolae_volcano_entry_lava_flow,
          gammafunk_ghost_necromancy
Elf:1:    layout_gridlike, serial_shops, nicolae_take_the_stairs,
          hangedman_elven_crosses_minicolossus
Elf:2:    elven_hall_of_blades_hangedman_original
          [nicolae_blade_entry_antechamber], layout_geoelf_octagon,
          serial_shops, bzr_in_the_mist
Elf:3:    minmay_elf_hall, layout_geoelf_grid, dreamdust_mushroom_princess,
          nicolae_shop_overcharged_wands
Vaults:1: nicolae_vaults_murderbox, vaults_standard_mumra_x,
          nicolae_vaults_disjoint_gnomons, nicolae_vaults_alarming,
          grunt_vaults_swirl, vaults_dpeg_encased_lava,
          ontoclasm_vaults_shuriken, v_misc_10, v_rooms_1, vaults_dpeg_doors,
          vaults_dpeg_diagonal, ontoclasm_vaults_gateway,
          ontoclasm_vaults_decontamination, layout_vaults_omnibox
Vaults:2: hangedman_vaults_corner_blocks, st_greater_box_1,
          ontoclasm_vaults_claustrophobia, nicolae_vaults_ninety_degrees,
          hangedman_vaults_slither, v_rooms_6, v_misc_13,
          ontoclasm_vaults_idyll, nicolae_vaults_little_squares_5,
          ontoclasm_vaults_twist, vaults_dpeg_hooks, layout_vaults_maze,
          uniq_frederick
Vaults:3: vaults_dpeg_cross, v_rooms_2, nicolae_vaults_stairing_the_circle,
          minmay_crypt_entry_simple_sparse, ontoclasm_vaults_idyll, v_misc_30,
          nicolae_vaults_diagonal_hallway_7, v_misc_9,
          nicolae_vaults_specimen_jars, special_room_vaults [special_room_orc],
          v_misc_4, nicolae_vaults_ring_of_whatevers, layout_vaults_omnicross
Vaults:4: v_misc_18, v_misc_8, hangedman_vaults_hat,
          nicolae_vaults_diagonal_hallway_7, vaults_room_pool,
          nicolae_vaults_diagonal_hallway_7, nicolae_vaults_mini_display_case,
          layout_vaults_omnigrid, serial_shops, shop
Crypt:1:  layout_gridlike, grunt_megastairs_3
Crypt:2:  layout_regular_city, ebering_ghost_xom, st_stairs_14,
          grunt_megastairs_1
Crypt:3:  david_glass_crypt, layout_gridlike, tomb_entry_shell_bobbens,
          lemuel_statue_altar
Tomb:1

Skill      XL: |  1  2  3  4  5  6  7  8  9 10 11 12 13 14 15 16 17 18 19 20 21 22 23 |
---------------+----------------------------------------------------------------------+-----
Summonings     | 5 6 7 8 10 12 13 16 18 20 23 26 27 | 27.0
Spellcasting   | 3 4 5 7 9 10 12 14 15 16 18 | 18.1
Fighting       | 6 9 10 12 14 16 18 20 | 20.0
Dodging        | 7 10 11 13 15 17 19 21 | 21.7
Shields        | 6 9 10 | 10.0
Stealth        | |  2.0

Action                     |  1- 3 |  4- 6 |  7- 9 | 10-12 | 13-15 | 16-18 | 19-21 | 22-24 || total
---------------------------+-------+-------+-------+-------+-------+-------+-------+-------++-------
  Melee: Unarmed           |    68 |    11 |       |       |       |       |       |       ||    79
         Kick              |    15 |     5 |     5 |    55 |    78 |    15 |       |       ||   173
         Peck              |    12 |     1 |     3 |    33 |    50 |     7 |       |       ||   106
         Falchion          |       |     7 |    28 |   128 |   157 |    40 |       |       ||   360
         Punch             |       |       |       |       |     2 |       |       |       ||     2
   Fire: Sling             |       |       |       |       |       |    26 |    49 |    43 ||   118
   Cast: Summon Small Mamm |    40 |    25 |    44 |    50 |     2 |     2 |       |       ||   163
         Call Canine Famil |     2 |    15 |    38 |    61 |    53 |    34 |     4 |     8 ||   215
         Call Imp          |     2 |     7 |    25 |    26 |     3 |     1 |     1 |       ||    65
         Summon Guardian G |       |       |    11 |    55 |    46 |    16 |     3 |     2 ||   133
         Summon Lightning  |       |       |     5 |    53 |    37 |     8 |     4 |     1 ||   108
         Summon Cactus Gia |       |       |       |       |    88 |   100 |    82 |    65 ||   335
         Summon Forest     |       |       |       |       |    71 |    29 |     1 |     2 ||   103
         Summon Mana Viper |       |       |       |       |    78 |    87 |    73 |    58 ||   296
         Dragon's Call     |       |       |       |       |       |    43 |    50 |    43 ||   136
         Malign Gateway    |       |       |       |       |       |       |       |     4 ||     4
 Invoke: Call Merchant     |       |       |       |       |     5 |       |       |     6 ||    11
  Evoke: Wand              |       |       |       |       |     1 |       |       |     1 ||     2
    Use: Potion            |       |       |     1 |     3 |     1 |     9 |       |     6 ||    20
         Scroll            |       |       |    19 |     7 |     6 |     2 |     1 |     3 ||    38
   Stab: Sleeping          |       |     1 |     2 |     2 |       |       |       |       ||     5
         Distracted        |       |       |     1 |     2 |     2 |       |       |       ||     5
         Betrayed ally     |       |       |       |       |     1 |       |       |       ||     1
 Armour: Robe              |    13 |     4 |     5 |    17 |    16 |    17 |    13 |    16 ||   101
  Dodge: Dodged            |    44 |    28 |    66 |   242 |   265 |   182 |   144 |   255 ||  1226
  Block: Other             |       |       |       |       |     2 |    34 |       |       ||    36
         Kite shield       |       |       |       |       |       |    34 |   103 |   162 ||   299
         Reflection        |       |       |       |       |       |     2 |    20 |     1 ||    23

Table legend: (Time is in decaauts)
 A = Elapsed time spent in this place.
 B = Non-inter-level travel time spent in this place.
 C = Inter-level travel time spent in this place.
 D = Time resting spent in this place.
 E = Time spent auto-exploring this place.
 F = Levels seen in this place.
 G = Mean time per level.
                   A        B        C        D        E       F      G
               +--------+--------+--------+--------+--------+-----+--------+
         Total |  73814 |  70602 |   3212 |   9312 |  45323 |  53 | 1392.7 |
       Dungeon |  19128 |  17752 |   1376 |   1812 |  11898 |  15 | 1275.2 |
        Temple |     21 |     12 |      9 |      0 |      2 |   1 |   21.0 |
          Lair |   8920 |   8299 |    621 |    311 |   6382 |   5 | 1784.0 |
         Swamp |   5204 |   5083 |    121 |    524 |   3770 |   4 | 1301.0 |
   Spider Nest |   8100 |   7784 |    316 |   1448 |   5166 |   4 | 2025.0 |
    Slime Pits |   6578 |   6471 |    107 |   1749 |   3115 |   5 | 1315.6 |
  Orcish Mines |   2267 |   2177 |     90 |     67 |   1517 |   2 | 1133.5 |
   Elven Halls |   4766 |   4635 |    131 |    366 |   3281 |   3 | 1588.7 |
        Vaults |  10562 |  10217 |    345 |   1440 |   7087 |   4 | 2640.5 |
         Crypt |   3950 |   3857 |     93 |    773 |   1780 |   3 | 1316.7 |
          Tomb |    603 |    603 |      0 |    162 |      0 |   1 |  603.0 |
        Bazaar |    167 |    167 |      0 |      0 |    112 |   1 |  167.0 |
       Ossuary |    414 |    414 |      0 |    152 |     95 |   1 |  414.0 |
        Bailey |    645 |    645 |      0 |    100 |    104 |   1 |  645.0 |
      Ice Cave |   1387 |   1387 |      0 |    199 |    695 |   1 | 1387.0 |
       Volcano |    388 |    388 |      0 |     60 |    214 |   1 |  388.0 |
      Gauntlet |    708 |    708 |      0 |    146 |     99 |   1 |  708.0 |
               +--------+--------+--------+--------+--------+-----+--------+

Top non-repeatable levels by time:
Vaults:3: 3081 daAuts
Vaults:1: 2886 daAuts
Vaults:2: 2815 daAuts
  Lair:5: 2651 daAuts
Spider:4: 2641 daAuts
Spider:1: 2423 daAuts
 Slime:4: 2420 daAuts
  Lair:3: 1886 daAuts
    D:14: 1790 daAuts
Vaults:4: 1779 daAuts
  Lair:2: 1710 daAuts
   Elf:2: 1705 daAuts
Spider:2: 1692 daAuts
  Lair:4: 1684 daAuts
 Crypt:2: 1679 daAuts
